12 | 0:00 | Probe x3 | |
12 | 0:01 | Probe | |
12 | 0:02 | Probe | |
13 | 0:08 | Probe x2 | |
13 | 0:10 | Probe | |
13 | 0:12 | Probe | |
13 | 0:13 | Probe | |
17 | 0:14 | Probe | |
17 | 0:16 | Probe | |
17 | 0:17 | Probe | |
17 | 0:19 | Pylon, Probe | |
17 | 0:21 | Probe | |
19 | 0:22 | Probe | |
19 | 0:23 | Probe | |
24 | 0:30 | Probe | |
24 | 0:31 | Probe | |
24 | 0:32 | Probe | |
29 | 0:38 | Probe | |
29 | 0:39 | Gateway, Probe x2 | |
29 | 0:40 | Probe | |
29 | 0:41 | Probe x2 | |
33 | 0:53 | Warp Gate (Chrono Boost) | |
33 | 0:54 | Probe | |
38 | 1:03 | Nexus | |
38 | 1:09 | Assimilator, Zealot | |
38 | 1:10 | Pylon | |
39 | 1:13 | Assimilator | |
39 | 1:17 | Zealot (Chrono Boost) | |
39 | 1:20 | Pylon | |
39 | 1:24 | Zealot (Chrono Boost) | |
39 | 1:28 | Cybernetics Core | |
39 | 1:29 | Probe x2 | |
39 | 1:30 | Gateway, Probe | |
41 | 1:34 | Probe | |
41 | 1:35 | Probe | |
41 | 1:36 | Gateway x2, Probe x2, Zealot (Chrono Boost) | |
41 | 1:37 | Probe | |
43 | 1:40 | Zealot (Chrono Boost) | |
50 | 1:48 | Probe | |
50 | 1:49 | Probe x2 | |
50 | 1:50 | Probe | |
50 | 1:51 | Probe x2 | |
55 | 1:59 | Probe | |
55 | 2:00 | Probe x2 | |
55 | 2:01 | Stalker x2 (Chrono Boost), Probe | |
60 | 2:02 | Stalker x2 (Chrono Boost), Probe | |
60 | 2:03 | Protoss Ground Weapons Level 1 (Chrono Boost) | |
60 | 2:06 | Forge | |
63 | 2:08 | Pylon, Stalker (Chrono Boost) | |
63 | 2:09 | Pylon, Stalker x2 (Chrono Boost) | |
63 | 2:10 | Stalker (Chrono Boost) | |
63 | 2:14 | Assimilator | |
68 | 2:16 | Stalker x2 (Chrono Boost) | |
68 | 2:18 | Stalker (Chrono Boost) | |
68 | 2:19 | Assimilator, Stalker (Chrono Boost) | |
68 | 2:27 | Probe | |
68 | 2:28 | Probe x3 | |
68 | 2:29 | Probe | |
82 | 2:33 | Protoss Ground Armor Level 1 (Chrono Boost) | |
97 | 2:47 | Stalker x4 | |
105 | 2:51 | Stalker x3 | |
105 | 2:54 | Stalker | |
105 | 2:57 | Stalker x2 | |
117 | 2:59 | Stalker | |
117 | 3:05 | Stalker x3 | |
125 | 3:08 | Protoss Shields Level 1 (Chrono Boost) | |
125 | 3:11 | Stalker | |
125 | 3:12 | Probe | |
127 | 3:13 | Stalker, Probe x4 | |
127 | 3:14 | Probe x2, Stalker x2 | |
127 | 3:15 | Probe x3 | |
127 | 3:17 | Probe (Chrono Boost) | |
127 | 3:18 | Probe x4 (Chrono Boost), Nexus | |
127 | 3:19 | Probe x2 (Chrono Boost) | |
133 | 3:21 | Pylon | |
133 | 3:23 | Assimilator | |
143 | 3:27 | Assimilator | |
150 | 3:34 | Forge | |
148 | 3:42 | Stalker x4 | |
132 | 3:49 | Gateway | |
132 | 3:51 | Gateway | |
132 | 3:52 | Gateway | |
132 | 3:55 | Gateway | |
116 | 3:58 | Twilight Council | |
116 | 4:00 | Pylon, Stalker | |
116 | 4:01 | Stalker x2 | |
97 | 4:11 | Blink (Chrono Boost) | |
97 | 4:16 | Pylon, Stalker | |
99 | 4:17 | Pylon, Stalker x3 | |
99 | 4:19 | Protoss Ground Weapons Level 2 (Chrono Boost) | |
105 | 4:25 | Pylon | |
105 | 4:26 | Pylon | |
105 | 4:28 | Stargate, Pylon | |
105 | 4:31 | Stargate | |
105 | 4:33 | Stargate | |
105 | 4:35 | Stalker x2 | |
105 | 4:36 | Stalker x2 | |
113 | 4:40 | Void Ray (Chrono Boost), Stalker x2 | |
113 | 4:44 | Stalker x2 | |
113 | 4:45 | Stalker x3 | |
127 | 4:52 | Zealot x2 | |
119 | 4:57 | Void Ray (Chrono Boost) | |
119 | 4:58 | Void Ray (Chrono Boost) | |
119 | 4:59 | Void Ray (Chrono Boost) | |
111 | 5:01 | Zealot x5 | |
111 | 5:02 | Zealot x3 | |
119 | 5:08 | Void Ray (Chrono Boost) | |
119 | 5:13 | Void Ray x2 (Chrono Boost) | |
109 | 5:14 | Zealot | |
109 | 5:15 | Zealot x6 | |
109 | 5:19 | Void Ray (Chrono Boost) | |
107 | 5:24 | Void Ray (Chrono Boost) | |
109 | 5:29 | Stalker x2 | |
109 | 5:30 | Stalker x5 | |
131 | 5:37 | Protoss Ground Weapons Level 3 (Chrono Boost) | |
131 | 5:40 | Probe | |
131 | 5:41 | Probe x6 | |
131 | 5:42 | Probe x3 | |
137 | 5:43 | Void Ray x3 (Chrono Boost), Probe x6 | |
137 | 5:48 | Void Ray (Chrono Boost) | |
137 | 5:55 | Protoss Ground Armor Level 2 (Chrono Boost) | |
153 | 5:58 | Stalker | |
153 | 5:59 | Stalker x5 | |
153 | 6:00 | Stalker | |
183 | 6:22 | Void Ray x3 (Chrono Boost) | |
173 | 6:34 | Void Ray | |
173 | 6:35 | Void Ray x2 | |
159 | 6:40 | Stalker x2 | |
159 | 6:41 | Stalker x5 | |
161 | 6:49 | Void Ray x2 | |
161 | 6:50 | Void Ray | |
165 | 6:55 | Stalker x2 | |
165 | 6:56 | Stalker x5 | |
175 | 7:03 | Void Ray x2 | |
175 | 7:05 | Void Ray | |
175 | 7:06 | Stalker x3 | |
175 | 7:07 | Stalker x2 | |
187 | 7:17 | Charge (Chrono Boost) | |
197 | 7:23 | Stalker x2 | |
197 | 7:24 | Stalker, Zealot | |
197 | 7:25 | Zealot x3 | |
207 | 7:37 | Zealot x6 | |
217 | 7:38 | Zealot | |
217 | 7:42 | Probe x3 | |
217 | 7:43 | Probe x4 | |
217 | 7:44 | Probe x4 | |
236 | 8:06 | Nexus | |
236 | 8:15 | Zealot x5 | |
236 | 8:16 | Zealot x2 | |
250 | 8:23 | Pylon | |
250 | 8:27 | Nexus | |
250 | 8:28 | Gateway | |
250 | 8:30 | Assimilator, Gateway | |
250 | 8:32 | Pylon, Gateway | |
240 | 8:34 | Gateway, Zealot x5 | |
240 | 8:35 | Assimilator, Zealot x2 | |
240 | 8:36 | Gateway | |
240 | 8:38 | Void Ray x3 (Chrono Boost) | |
240 | 8:40 | Pylon | |
226 | 8:42 | Pylon | |
226 | 8:43 | Pylon | |
187 | 8:49 | Void Ray x3 (Chrono Boost), Pylon | |
187 | 8:51 | Pylon | |
187 | 8:55 | Assimilator, Pylon, Zealot x4 | |
175 | 8:56 | Zealot x3 | |
175 | 8:57 | Void Ray x3 (Chrono Boost) | |
175 | 8:58 | Pylon | |
175 | 9:00 | Assimilator | |
167 | 9:03 | Zealot x3 | |
167 | 9:04 | Void Ray x3 (Chrono Boost), Zealot x4 | |
157 | 9:16 | Void Ray (Chrono Boost) | |
157 | 9:17 | Void Ray x2 (Chrono Boost), Zealot x5 | |
143 | 9:18 | Zealot x2 | |
143 | 9:22 | Stalker | |
143 | 9:23 | Stalker x2 | |
151 | 9:25 | Void Ray x3 (Chrono Boost) | |
151 | 9:26 | Stalker | |
151 | 9:27 | Stalker | |
151 | 9:28 | Stalker x2 | |
151 | 9:29 | Stalker | |
151 | 9:30 | Stalker x4 | |
181 | 9:35 | Stalker x2 | |
181 | 9:36 | Stalker x5 | |
181 | 9:37 | Void Ray, Stalker | |
181 | 9:38 | Void Ray x2 | |
201 | 9:41 | Stalker | |
189 | 9:48 | Stalker | |
189 | 9:49 | Stalker x4 | |
195 | 9:54 | Void Ray x3 (Chrono Boost) | |
203 | 10:05 | Void Ray x3 (Chrono Boost) | |
197 | 10:09 | Stalker x4 | |
197 | 10:10 | Stalker x7 | |
197 | 10:11 | Stalker | |
197 | 10:12 | Void Ray (Chrono Boost) | |
197 | 10:13 | Void Ray x2 (Chrono Boost) | |
197 | 10:20 | Void Ray x3 (Chrono Boost) | |
177 | 10:21 | Stalker x2 | |
177 | 10:22 | Stalker x4 | |
177 | 10:23 | Stalker x3 | |
191 | 10:29 | Probe x5, Zealot x2 | |
191 | 10:30 | Probe x7, Zealot x6 | |
191 | 10:31 | Probe x5, Zealot x4 | |
191 | 10:32 | Void Ray x2 (Chrono Boost), Probe | |
191 | 10:33 | Void Ray (Chrono Boost) | |
240 | 10:46 | Zealot | |
240 | 10:47 | Zealot x5 | |
240 | 10:48 | Zealot x6 | |
240 | 10:49 | Stalker x2 (Chrono Boost) | |
255 | 10:50 | Zealot (Chrono Boost) | |
255 | 10:51 | Void Ray x2, Stalker x2 (Chrono Boost) | |
255 | 10:52 | Void Ray, Stalker (Chrono Boost), Zealot (Chrono Boost) | |
255 | 10:53 | Zealot x3 (Chrono Boost) | |
255 | 10:54 | Stalker (Chrono Boost), Zealot (Chrono Boost) | |
255 | 10:57 | Stalker (Chrono Boost) | |
255 | 10:58 | Stalker (Chrono Boost) | |
255 | 10:59 | Zealot x3 (Chrono Boost) | |
255 | 11:00 | Zealot (Chrono Boost) | |
255 | 11:01 | Zealot x4 (Chrono Boost) | |
253 | 11:04 | Zealot (Chrono Boost) | |
253 | 11:05 | Void Ray, Stalker (Chrono Boost), Zealot x2 (Chrono Boost) | |
253 | 11:06 | Void Ray x2, Zealot (Chrono Boost) | |
253 | 11:07 | Zealot x3 (Chrono Boost) | |
253 | 11:08 | Zealot x3 (Chrono Boost) | |
253 | 11:09 | Stalker (Chrono Boost) | |
253 | 11:10 | Stalker x3 (Chrono Boost) | |
269 | 11:11 | Stalker x2 (Chrono Boost) | |
269 | 11:12 | Stalker x3 (Chrono Boost) | |
275 | 11:19 | Zealot (Chrono Boost) | |
275 | 11:20 | Zealot x10 (Chrono Boost) | |
275 | 11:24 | Stalker (Chrono Boost), Zealot x5 (Chrono Boost) | |
275 | 11:25 | Stalker x5 (Chrono Boost) | |
321 | 11:26 | Stalker (Chrono Boost) | |
321 | 11:27 | Stalker x2 (Chrono Boost) | |
321 | 11:32 | Zealot (Chrono Boost) | |
365 | 11:42 | Stalker x4 | |
365 | 11:43 | Stalker x8 | |
351 | 11:52 | Stalker x4 | |
351 | 11:53 | Stalker x8 | |
343 | 11:57 | Pylon | |
335 | 12:02 | Stalker x5 | |
335 | 12:03 | Pylon, Stalker x7 | |